AoeStats
← JfuRy

Arena

510624143Analyzed
2v2 RM · 1d ago on Oct 1, 2026· 46m 1s· 4 players
Game mode
Random Map
Map size
Medium (4 player)
Population
200
Speed
Normal
Resources
Standard
Victory
Conquest
Starting age
Dark Age
Ending age
Imperial Age
RankedLock teamsTeams togetherTeam positionsShared explorationLock speedFull tech treeHidden civsTurbo modeCheats
Victory
Defeat
🇦🇷 Malay · Argentina
978
+12
🇦🇷 Malians · Argentina
858
+18
🇹🇷 Byzantines · Türkiye
899
-15
🇹🇷 Inca · Türkiye
886
-15
Nyks
10:48 Feudal Age
10:23 Loom
12:47 Wheelbarrow
12:03 Double-Bit Axe
12:29 Horse Collar
12:52 Arson
16:00 Gold Mining
20:06 Castle Age
18:24 Stone Mining
18:54 Scale Barding Armor
18:52 Scale Mail Armor
20:20 Forging
20:19 Pikeman
21:00 Squires
20:50 Gambesons
22:21 Bow Saw
23:04 Heavy Plow
25:08 Husbandry
25:16 Light Cavalry
27:11 Gold Shaft Mining
27:52 Chain Barding Armor
28:42 Chain Mail Armor
32:10 Fletching
33:14 Elite Skirmisher
Serefikan
4:54 Loom
11:05 Feudal Age
11:34 Double-Bit Axe
11:30 Horse Collar
13:04 Wheelbarrow
20:00 Castle Age
18:07 Stone Mining
18:42 Gold Mining
21:24 Heavy Plow
21:35 Bow Saw
22:39 Gold Shaft Mining
22:23 Thumb Ring
23:38 Andean Sling
23:57 Hand Cart
24:12 Elite Skirmisher
26:43 Fletching
27:22 Bodkin Arrow
27:52 Squires
30:52 Padded Archer Armor
32:21 Leather Archer Armor
32:07 Scale Mail Armor
32:58 Forging
33:51 Ballistics
35:33 Iron Casting
35:25 Chain Mail Armor
34:45 Champi Runner
35:11 Arson
35:52 Champi Warrior
TermodeMiller
8:51 Loom
11:11 Feudal Age
11:49 Double-Bit Axe
12:00 Gold Mining
12:14 Horse Collar
20:18 Castle Age
18:20 Stone Mining
19:54 Fletching
20:05 Padded Archer Armor
22:11 Leather Archer Armor
22:31 Bodkin Arrow
25:54 Heavy Plow
26:07 Bow Saw
27:28 Wheelbarrow
26:39 Town Watch
39:26 Imperial Age
37:14 Hand Cart
39:16 Town Patrol
40:15 Ballistics
39:52 Murder Holes
41:38 Chemistry
JfuRy
9:19 Feudal Age
17:43 Castle Age
18:03 Pikeman
18:43 Squires
18:29 Arson
21:27 Double-Bit Axe
21:42 Horse Collar
21:57 Gold Mining
25:08 Town Watch
26:22 Forging
26:59 Elite Skirmisher
28:02 Padded Archer Armor
27:52 Fletching
32:51 Iron Casting
32:32 Leather Archer Armor
32:13 Bodkin Arrow
32:20 Heavy Plow
32:42 Bow Saw
33:10 Gold Shaft Mining
35:43 Husbandry
38:42 Imperial Age
36:56 Wheelbarrow
39:09 Hand Cart
39:52 Scale Barding Armor
43:28 Blast Furnace
43:10 Conscription
44:30 Elite Battle Elephant
Connection lost

Rejoining the realm…

Still unreachable

The connection could not be restored.

Session expired

The server has moved on; the page needs a fresh start.